 Dungeon Crawl Stone Soup version 0.30-b1-2-g02819fbbbe (webtiles) character file.

Game seed: 13545711532004348308

95219 Ashen the Summoner (level 16, -14/174 HPs)
             Began as an Ogre Summoner on Aug 16, 2023.
             Was a High Priest of Sif Muna.
             Demolished by a freezing wraith (17 damage)
             ... on level 15 of the Dungeon on Aug 18, 2023.
             The game lasted 02:36:37 (30200 turns).

Ashen the Summoner (Ogre Summoner)                 Turns: 30200, Time: 02:36:37

Health: -14/174    AC:  5    Str: 16    XL:     16   Next: 13%
Magic:  31/42      EV: 13    Int: 22    God:    Sif Muna [*****.]
Gold:   4111       SH:  0    Dex:  9    Spells: 2/41 levels left

rFire   . . .        g - +3 giant spiked club
rCold   . . .        (shield currently unavailable)
rNeg    . . .        D - +0 robe {Will+}
rPois   .            K - +0 hat {Will+}
rElec   .            C - +1 cloak
rCorr   .            (gloves unavailable)
SInv    .            (boots unavailable)
Will    +++..        v - amulet of regeneration
Stlth   ++           L - ring of wizardry
HPRegen 1.29/turn    O - ring of magical power
MPRegen 0.28/turn

%: wizardry (x1)
@: about to teleport, very slightly contaminated, slowed, very slow
A: large, unfitting armour, tough skin 1
a: Renounce Religion, Channel Magic, Forget Spell, Divine Exegesis


You were on level 15 of the Dungeon.
You worshipped Sif Muna.
Sif Muna was extremely pleased with you.
You visited 4 branches of the dungeon, and saw 23 of its levels.
You also visited: Bailey.

You collected 4311 gold pieces.
You spent 200 gold pieces at shops.

Inventory:

Hand Weapons
 g - a +3 giant spiked club (weapon)
 t - the +2 mace of Cutaevvi {holy, rElec Dex+5}
   (You took it off an orc on level 7 of the Dungeon)

   Dex:       It affects your dexterity (+5).
   rElec:     It insulates you from electricity.
 B - a +3 dire flail
Missiles
 M - 2 throwing nets
Armour
 j - a +0 troll leather armour
 C - a +1 cloak (worn)
 D - a +0 robe of willpower (worn)
 E - +0 steam dragon scales
 K - a +0 hat of willpower (worn)
Jewellery
 v - an amulet of regeneration (around neck)
 L - a ring of wizardry (left hand)
 O - a ring of magical power (right hand)
 S - a ring of the Octopus King {Fly HP+2 AC+2 EV+2 SH+2}
   (You found it on level 5 of the Lair of Beasts)

   [ring of flight]

   AC:        It affects your AC (+2).
   EV:        It affects your evasion (+2).
   HP:        It affects your health (+2).
   Fly:       It grants you flight.
   SH:        It affects your SH (+2).
 T - a ring of resist corrosion
Wands
 u - a wand of iceblast (13)
 w - a wand of digging (15)
 I - a wand of charming (11)
 R - a wand of polymorph (6)
Scrolls
 e - 3 scrolls of identify
 f - 6 scrolls of teleportation
 l - 8 scrolls of vulnerability
 m - 3 scrolls of immolation
 o - 4 scrolls of noise
 p - 6 scrolls of blinking
 q - 5 scrolls of enchant armour
 r - 2 scrolls of magic mapping
 y - 2 scrolls of amnesia
 G - 2 scrolls of fog
 J - 3 scrolls of poison
 N - a scroll of torment
Potions
 a - 3 potions of haste
 b - 5 potions of magic
 c - 3 potions of invisibility
 d - 3 potions of lignification
 h - 2 potions of resistance
 i - 4 potions of attraction
 k - 3 potions of might
 n - a potion of mutation
 s - 4 potions of brilliance
 x - a potion of flight
 z - 12 potions of curing
 A - 2 potions of degeneration
 F - 3 potions of berserk rage
 H - a potion of ambrosia
 Q - a potion of cancellation
Miscellaneous
 P - a phantom mirror


   Skills:
 + Level 14.7 Fighting
 + Level 10.4 Maces & Flails
 + Level 11.4 Dodging
 - Level 1.6 Stealth
 + Level 13.3 Spellcasting
 - Level 3.0 Hexes
 * Level 14.8 Summonings
 - Level 3.0 Ice Magic
 - Level 3.0 Air Magic


You had 2 spell levels left.
You knew the following spells:

 Your Spells              Type           Power      Damage    Failure   Level
a - Summon Hydra          Summ           34%        N/A       3%          7
c - Call Canine Familiar  Summ           68%        N/A       1%          3
d - Summon Guardian Gole  Hex/Summ       52%        N/A       1%          3
e - Summon Lightning Spi  Summ/Air       52%        N/A       1%          4
f - Summon Ice Beast      Ice/Summ       52%        N/A       1%          4
g - Monstrous Menagerie   Summ           34%        N/A       3%          7
h - Summon Mana Viper     Hex/Summ       52%        N/A       1%          5
i - Summon Cactus Giant   Summ           34%        N/A       1%          6

Your spell library contained the following spells:

 Spells                   Type           Power      Damage    Failure   Level
 Summon Small Mammal      Summ           100%       N/A       0%          1
 Call Imp                 Summ           100%       N/A       0%          2
 Magic Dart               Conj           56%        1d5       1%          1
 Sandblast                Erth           28%        2d8       1%          1
 Shock                    Conj/Air       84%        1d8       1%          1
 Slow                     Hex            100%       N/A       1%          1
 Ensorcelled Hibernation  Hex/Ice        54%        N/A       1%          2
 Static Discharge         Conj/Air       42%        2-4/arc   1%          2
 Lesser Beckoning         Tloc           28%        N/A       2%          2
 Passwall                 Tmut/Erth      11%        N/A       2%          2
 Scorch                   Fire           28%        2d6       2%          2
 Searing Ray              Conj           28%        2d5       2%          2
 Sublimation of Blood     Necr           14%        N/A       2%          2
 Confusing Touch          Hex            27%        N/A       1%          3
 Frozen Ramparts          Ice            54%        1d9       1%          3
 Swiftness                Air            27%        N/A       1%          3
 Tukima's Dance           Hex            27%        N/A       1%          3
 Animate Armour           Summ/Erth      94%        N/A       1%          4
 Portal Projectile        Hex/Tloc       42%        N/A       2%          3
 Summon Forest            Summ/Tloc      23%        N/A       2%          5
 Gell's Gravitas          Tloc           14%        N/A       5%          3
 Ignite Poison            Fire/Tmut/Pois 14%        N/A       5%          3
 Teleport Other           Tloc           14%        N/A       5%          3
 Vampiric Draining        Necr           14%        2d7       5%          3
 Volatile Blastmotes      Fire/Tloc      28%        2d12      5%          3
 Airstrike                Air            13%        2d(2-18)  5%          4
 Cause Fear               Hex            13%        N/A       5%          4
 Anguish                  Hex/Necr       10%        N/A       10%         4
 Fulminant Prism          Conj/Hex       10%        3d9       10%         4
 Ice Form                 Ice/Tmut       21%        N/A       10%         4
 Flame Wave               Conj/Fire      14%        2d6       17%         4
 Petrify                  Tmut/Erth      14%        N/A       17%         4
 Sticky Flame             Conj/Fire      14%        2d4       17%         4
 Summon Horrible Things   Summ           34%        N/A       26%         8
 Blade Hands              Tmut           7%         N/A       43%         5
 Irradiate                Conj/Tmut      7%         3d14      43%         5
 Haunt                    Necr/Summ      23%        N/A       52%         7
 Malign Gateway           Summ/Tloc      23%        N/A       52%         7
 Spellforged Servitor     Conj/Summ      23%        N/A       52%         7
 Plasma Beam              Fire/Air       10%        2x1d23    78%         6
 Iron Shot                Conj/Erth      7%         9d2       92%         6
 Enfeeble                 Hex            13%        N/A       98%         7
 Dragon's Call            Summ           34%        N/A       98%         9
 Dragon Form              Tmut           7%         N/A       100%        7
 Orb of Destruction       Conj           7%         9d6       100%        7
 Ignition                 Fire           7%         3d4       100%        8
 Chain Lightning          Conj/Air       10%        3d14      100%        9


Dungeon Overview and Level Annotations

Branches:
Dungeon (15/15)            Temple (1/1) D:4            Lair (5/5) D:8
  Swamp (0/4) Lair:3        Snake (0/4) Lair:3        Slime (0/5) Lair:4
    Orc (2/2) D:10            Elf (0/3) Orc:2        Vaults (0/5) D:14
 Bailey (visited)
 Depths: D:15

Altars:
Ashenzari
Cheibriados
Dithmenos
Elyvilon
Fedhas
Gozag
Hepliaklqana
Kikubaaqudgha
Makhleb
Nemelex Xobeh
Okawaru
Qazlal
Ru
Sif Muna
Trog
Uskayaw
Vehumet
Wu Jian
Xom
Yredelemnul
Zin
The Shining One
Jiyva

Shops:
D:1 ==!*(   D:2 ?   D:5 !   D:6 :   D:7 =   Orc:2 ([([

Annotations:
D:12 2 transporters, zielscheibe's ghost, novice OpTm
Lair:4 3 runed translucent doors, exclusion: ice statue, Fifowuza's ghost, journeyman DrTm
Lair:5 2 transporters, MrClown's ghost, journeyman DsNe


Innate Abilities, Weirdness & Mutations

You are too large for most types of armour.
You have tough skin. (AC +1)


Message History

The freezing wraith drains your vigour!
You feel yourself slow down.
Send 'em back where they came from!
Your five-headed hydra disappears in a puff of smoke!
You closely miss the freezing wraith. The freezing wraith misses you.
The freezing wraith hits you. The freezing wraith drains your vigour!
You feel as though you will be slow longer.
The freezing wraith hits you. The freezing wraith freezes you!
The freezing wraith closely misses you.
You sock the freezing wraith!
The freezing wraith is moderately damaged.
The freezing wraith hits you! The freezing wraith freezes you!
The freezing wraith hits you. The freezing wraith drains your vigour!
You feel as though you will be slow longer.
You closely miss the freezing wraith.
The freezing wraith is moderately damaged.
The freezing wraith misses you. The freezing wraith closely misses you.
The freezing wraith misses you. The freezing wraith closely misses you.
You puncture the freezing wraith!
The freezing wraith is severely damaged.
The freezing wraith hits you. The freezing wraith freezes you!
The freezing wraith hits you. The freezing wraith closely misses you.
The freezing wraith hits you!
You completely miss the freezing wraith.
The freezing wraith is severely damaged.
The freezing wraith hits you. The freezing wraith freezes you!
The freezing wraith hits you. The freezing wraith drains your vigour!
You feel as though you will be slow longer.
The freezing wraith hits you! The freezing wraith freezes you!!
* * * LOW HITPOINT WARNING * * *
The freezing wraith closely misses you.
As you read the scroll of teleportation, it crumbles to dust.
You feel strangely unstable. The freezing wraith hits you!
* * * LOW HITPOINT WARNING * * *
The freezing wraith freezes you!
* * * LOW HITPOINT WARNING * * *
The freezing wraith hits you but does no damage.
The freezing wraith hits you.
* * * LOW HITPOINT WARNING * * *
The freezing wraith freezes you!
You die...

...# #.......#
...+ +.......#
...#.# #.......#
...... +........
####.# #.......#
##### #.......#
..... ##
#......X# ......
.#
#......W##.(....
.# ########@..#
.# #..### ###
##.## ..# #..#
..# #####'######
..##
##..........#
.....#
#...........#
..####
#..........[#
..##
##...........#


You could see a nameless horror and a freezing wraith.

Vanquished Creatures
  A yaktaur captain (D:14)
  A hydra (Lair:5)
  A boulder beetle (D:13)
  A two-headed ogre (D:11)
  4 centaur warriors
  A skyshark (Lair:5)
  2 deep elf pyromancers (D:14)
  A harpy (Lair:5)
  2 orc sorcerers
  A manticore (D:11)
  A cyclops (D:12)
  4 elephants
  A black mamba (shapeshifter) (D:9)
  9 cane toads
  5 komodo dragons
  A meliai (shapeshifter) (D:15)
  A polar bear (Lair:5)
  5 trolls
  2 nameless horrors
  A snapping turtle (Lair:5)
  2 blink frogs
  4 dream sheep (Lair:5)
  2 slime creatures (D:13)
  A shadow (D:12)
  A wyvern (Lair:5)
  A wraith (Lair:4)
  26 yaks
  2 basilisks (Lair:3)
  3 steam dragons
  2 vampire mosquitoes (D:13)
  A naga (Lair:3)
  3 water moccasins
  6 orc warriors
  3 ice beasts (Lair:4)
  2 wolves (Lair:2)
  9 centaurs
  2 kobold brigands
  A gnoll sergeant (D:11)
  9 bullfrogs
  A scorpion (D:7)
  4 killer bees (D:9)
  A hound (D:7)
  An orc priest (D:12)
  3 jellies
  3 iguanas
  5 orc wizards
  2 hell rats (Lair:5)
  8 gnolls
  2 adders
  A shadow imp (D:6)
  3 white imps
  A worm (D:2)
  2 dart slugs
  34 orcs
  9 endoplasms
  A giant cockroach (D:3)
  3 goblins
  3 hobgoblins
  3 jackals (D:2)
  3 quokkas
  10 ball pythons
  3 bats
  2 frilled lizards (D:1)
  23 kobolds
  2 rats (D:1)
258 creatures vanquished.

Vanquished Creatures (collateral kills)
  Gastronok (Lair:1)
  An orc warlord (D:10)
  An ettin (Orc:1)
  Josephine (Lair:4)
  A merfolk avatar (Lair:5)
  A centaur warrior (D:15)
  Fannar (Lair:3)
  3 hydras
  4 boulder beetles
  Erica (Lair:1)
  2 two-headed ogres (D:11)
  3 orc high priests (Orc:2)
  Urug (Lair:5)
  3 skysharks
  2 bog bodies (Lair:3)
  6 orc knights
  4 deep elf pyromancers
  4 ugly things (D:14)
  4 orc sorcerers
  7 cyclopes
  A manticore (D:13)
  6 elephants
  3 black mambas
  A gargoyle (D:11)
  6 komodo dragons
  10 cane toads
  3 rime drakes (Lair:5)
  2 yaktaurs (D:14)
  An unseen horror (D:11)
  5 hornets
  2 polar bears (Lair:5)
  2 trolls
  A dream sheep (Lair:5)
  10 blink frogs
  12 slime creatures
  A wyvern (Lair:5)
  4 wraiths
  22 yaks
  5 basilisks
  A steam dragon (D:8)
  2 vampire mosquitoes
  A naga (Lair:3)
  A swamp worm (Lair:3)
  12 water moccasins
  25 orc warriors
  A black bear (Lair:2)
  3 ice beasts
  2 sky beasts (D:7)
  6 wolves
  3 ogres
  6 centaurs
  A phantom (D:6)
  2 kobold brigands (D:9)
  A bullfrog (Lair:2)
  5 scorpions
  5 wights
  2 killer bees (D:9)
  3 howler monkeys
  A nameless horror (D:9)
  2 electric eels
  4 jellies
  9 orc priests
  Crazy Yiuf (D:7)
  2 hounds
  An iguana (D:6)
  17 orc wizards
  A sleepcap (D:5)
  A gnoll (D:3)
  7 adders
  3 white imps (Lair:4)
  A dart slug (D:3)
  60 orcs
  3 endoplasms
  A hobgoblin (D:3)
  A ball python (D:3)
  7 kobolds
352 creatures vanquished.

Vanquished Creatures (others)
  Jorgrun (D:10)
  3 hydras
  2 skysharks
  An ugly thing (D:9)
  A black mamba (Lair:5)
  An elephant (Lair:5)
  2 rime drakes
  A polar bear (Lair:5)
  4 blink frogs (Lair:5)
  3 wraiths
  8 yaks
  A basilisk (Lair:5)
  A wyvern (Lair:5)
  2 nagas (Lair:3)
  3 water moccasins
  3 orc warriors
  A black bear (D:7)
  An ogre (D:5)
  2 wolves (Lair:2)
  A scorpion (D:6)
  2 wights
  3 killer bees (D:9)
  5 hell rats (Lair:5)
  An iguana (D:5)
  47 fungi
  54 plants
154 creatures vanquished.

Grand Total: 764 creatures vanquished

Notes
Turn   | Place    | Note
-------+----------+-------------------------------------------
     0 | D:1      | Ashen the Ogre Summoner began the quest for the Orb.
     0 | D:1      | Reached XP level 1. HP: 16/16 MP: 3/3
     7 | D:1      | Found Loigihap's Weapon Shop.
    32 | D:1      | Found Daimaim's Assorted Antiques.
   136 | D:1      | Found Pumpey's Jewellery Shop.
   194 | D:1      | Found Obishraz's Distillery.
   235 | D:1      | Reached XP level 2. HP: 20/24 MP: 3/5
   596 | D:1      | Learned a level 2 spell: Call Imp
   935 | D:1      | Found Qaempi's Jewellery Boutique.
  1309 | D:2      | Reached XP level 3. HP: 27/32 MP: 7/7
  1310 | D:2      | Reached skill level 1 in Fighting
  1532 | D:2      | Found Mumac's Magic Scroll Boutique.
  1574 | D:2      | Bought a scroll of blinking for 75 gold pieces
  1574 | D:2      | Bought a scroll of magic mapping for 75 gold pieces
  1969 | D:3      | Reached XP level 4. HP: 11/42 MP: 3/8
  1972 | D:3      | HP: 1/42 [gnoll/+0 club (4)]
  2197 | D:3      | Learned a level 3 spell: Call Canine Familiar
  2201 | D:3      | Learned a level 3 spell: Summon Guardian Golem
  2609 | D:3      | Reached XP level 5. HP: 42/50 MP: 6/10
  3064 | D:4      | Found a staircase to the Ecumenical Temple.
  3071 | Temple   | Entered the Ecumenical Temple
  3469 | D:4      | Reached skill level 1 in Hexes
  3751 | D:4      | Found a glowing silver altar of Zin.
  3776 | D:4      | Reached XP level 6. HP: 31/61 MP: 5/11
  4380 | D:5      | Entered Level 5 of the Dungeon
  4540 | D:5      | Found Jaics's Distillery.
  4722 | D:5      | Bought a potion of heal wounds for 50 gold pieces
  4733 | D:5      | Reached XP level 7. HP: 42/68 MP: 9/13
  4889 | D:5      | Found a radiant altar of Vehumet.
  5642 | D:6      | Reached skill level 5 in Summonings
  5770 | D:6      | Reached XP level 8. HP: 59/79 MP: 10/15
  5773 | D:6      | Reached skill level 5 in Spellcasting
  5821 | D:6      | Reached skill level 5 in Fighting
  6076 | D:6      | Noticed a wraith
  6110 | D:6      | Killed a wraith
  6248 | D:6      | Learned a level 4 spell: Summon Lightning Spire
  6253 | D:6      | Learned a level 4 spell: Summon Ice Beast
  6280 | D:6      | Found Bevisuthri's Tremendous Tomes.
  6673 | D:7      | Reached skill level 1 in Ice Magic
  6673 | D:7      | Reached skill level 1 in Air Magic
  6809 | D:7      | Found Byvval's Jewellery Shop.
  6957 | D:7      | Reached skill level 5 in Dodging
  6957 | D:7      | Reached XP level 9. HP: 56/89 MP: 17/17
  7768 | D:7      | Identified the +2 mace of Cutaevvi {holy, rElec Dex+5}
  7778 | D:7      | Noticed a nameless horror
  7819 | D:7      | Killed a nameless horror
  7977 | D:7      | Found a shadowy altar of Dithmenos.
  8382 | D:7      | Reached skill level 1 in Maces & Flails
  8684 | D:7      | Found a runed translucent door.
  8685 | D:7      | Noticed Crazy Yiuf
  8706 | D:7      | Found a broken altar of Ashenzari.
  8879 | D:7      | Killed Crazy Yiuf
  9094 | D:8      | Reached XP level 10. HP: 100/100 MP: 17/20
  9843 | D:8      | Found a staircase to the Lair.
 10877 | D:9      | Found a shimmering blue altar of Sif Muna.
 10891 | D:9      | Became a worshipper of Sif Muna the Loreminder
 11226 | D:9      | Reached * piety under Sif Muna
 11268 | D:9      | Found a flagged portal.
 11275 | Bailey   | Entered a bailey
 11770 | Bailey   | Reached XP level 11. HP: 115/115 MP: 22/24
 11771 | Bailey   | Noticed an orc knight
 11954 | D:9      | Noticed a green ugly thing
 11980 | D:9      | Killed a green ugly thing
 12190 | D:9      | Reached XP level 12. HP: 113/124 MP: 21/25
 12591 | D:10     | Entered Level 10 of the Dungeon
 12591 | D:10     | Found a glowing golden altar of the Shining One.
 12684 | D:10     | Reached skill level 5 in Maces & Flails
 12692 | D:10     | Reached ** piety under Sif Muna
 13139 | D:10     | Found a staircase to the Orcish Mines.
 13555 | D:9      | Reached skill level 10 in Summonings
 13700 | Lair:1   | Entered Level 1 of the Lair of Beasts
 13766 | Lair:1   | Reached skill level 10 in Fighting
 14571 | Lair:1   | Reached skill level 10 in Spellcasting
 14648 | Lair:1   | Noticed Erica
 14702 | Lair:1   | Killed Erica
 15058 | Lair:1   | Noticed Gastronok
 15068 | Lair:1   | Killed Gastronok
 15558 | Lair:2   | Reached *** piety under Sif Muna
 15569 | Lair:2   | Reached XP level 13. HP: 112/137 MP: 18/27
 15995 | Lair:2   | Identified the +4 ring mail of Pathos {Rampage rPois Dex-2
                  | Slay+4}
 17284 | Lair:3   | Noticed Fannar
 17354 | Lair:3   | Killed Fannar
 17666 | Lair:3   | Reached **** piety under Sif Muna
 18049 | Lair:3   | Found a staircase to the Snake Pit.
 18377 | Lair:3   | Found a staircase to the Swamp.
 18691 | Lair:4   | Found a runed translucent gate.
 18691 | Lair:4   | Found a runed translucent gate.
 18691 | Lair:4   | Found a runed translucent gate.
 18694 | Lair:4   | Noticed Fifowuza's ghost (journeyman DrTm)
 18695 | Lair:4   | Noticed an azure jelly
 18696 | Lair:4   | Noticed an azure jelly
 18869 | Lair:4   | Noticed Josephine
 18878 | Lair:4   | Killed Josephine
 19109 | Lair:4   | Found a staircase to the Slime Pits.
 19109 | Lair:4   | Found a viscous altar of Jiyva.
 19500 | Lair:4   | Reached ***** piety under Sif Muna
 19576 | Lair:4   | Noticed a rockslime
 19578 | Lair:4   | Noticed a quicksilver ooze
 19580 | Lair:4   | Found a viscous altar of Jiyva.
 19604 | Lair:4   | Reached XP level 14. HP: 89/149 MP: 16/29
 19836 | Lair:5   | Entered Level 5 of the Lair of Beasts
 20219 | Lair:5   | Received a gift from Sif Muna
 20220 | Lair:5   | Got Sif Muna's Vellum of the Displaced Quarry {god gift}
 20249 | Lair:5   | Found a transporter.
 20250 | Lair:5   | Noticed MrClown's ghost (journeyman DsNe)
 20386 | Lair:5   | Paralysed by a hornet for 3 turns
 20393 | Lair:5   | Reached skill level 10 in Dodging
 21005 | Lair:5   | Found a bloodstained altar of Trog.
 21184 | Lair:5   | Noticed Urug
 21195 | Lair:5   | Killed Urug
 21450 | Lair:5   | Found a transporter.
 21917 | Lair:5   | Found the ring of the Octopus King
 21928 | Lair:5   | Identified a ring of the Octopus King {Fly HP+2 AC+2 EV+2
                  | SH+2}
 22410 | Orc:1    | Entered Level 1 of the Orcish Mines
 22465 | Orc:1    | Identified 3 scrolls of acquirement
 22466 | Orc:1    | Acquired 844 gold pieces
 22467 | Orc:1    | Acquired 1100 gold pieces
 22468 | Orc:1    | Acquired 784 gold pieces
 22494 | Orc:1    | Noticed an orc warlord
 22508 | Orc:1    | Noticed Jorgrun
 22652 | D:10     | Killed an orc warlord
 22945 | D:10     | Killed Jorgrun
 22946 | D:10     | Reached XP level 15. HP: 69/161 MP: 9/31
 23058 | D:10     | Received a gift from Sif Muna
 23075 | D:10     | Learned a level 7 spell: Monstrous Menagerie
 23081 | D:10     | Learned a level 5 spell: Summon Mana Viper
 23758 | Orc:2    | Entered Level 2 of the Orcish Mines
 23856 | Orc:2    | Found a staircase to the Elven Halls.
 24214 | Orc:2    | HP: 8/161 [orc knight/+2 great sword (22)]
 24215 | Orc:2    | HP: 1/241 [orc knight/+2 great sword (18)]
 24885 | Orc:2    | Received a gift from Sif Muna
 24886 | Orc:2    | Got Guacuut's Folio of Electricity and Attendants {god
                  | gift}
 24894 | Orc:2    | Learned a level 6 spell: Summon Cactus Giant
 24903 | Orc:2    | Found Gumufev's Weapon Shop.
 24903 | Orc:2    | Found Dojam's Antique Armour Shoppe.
 24905 | Orc:2    | Found Rekiduk's Antique Weapon Shop.
 24905 | Orc:2    | Found Hoinipn's Antique Armour Shoppe.
 25300 | D:11     | Reached ****** piety under Sif Muna
 25755 | D:11     | Found a sparkling altar of Nemelex Xobeh.
 26963 | D:12     | Noticed zielscheibe's ghost (novice OpTm)
 26972 | D:12     | Found a transporter.
 27161 | D:12     | Found a transporter.
 27715 | D:13     | Reached skill level 10 in Maces & Flails
 28236 | D:13     | Found a glowing silver altar of Zin.
 28330 | D:14     | Received a gift from Sif Muna
 28331 | D:14     | Got Sif Muna's Grimoire of Sidekicks {god gift}
 28723 | D:14     | Found a gate to the Vaults.
 29232 | D:14     | Found a radiant altar of Vehumet.
 29274 | D:14     | Reached XP level 16. HP: 116/174 MP: 27/33
 29394 | D:14     | Learned a level 7 spell: Summon Hydra
 29676 | D:15     | Entered Level 15 of the Dungeon
 30200 | D:15     | HP: 3/174 [freezing wraith (6)]
 30200 | D:15     | Demolished by a freezing wraith

Illustrated notes

Levels and vault maps discovered:
D:1:      lightli_arrival_maybe_door_vault, layout_basic, serial_shops,
          nicolae_shop_pleasant_corner_grove, shop,
          nicolae_shop_advertising_works [nicolae_subvault_shop_adworks],
          nicolae_shop_back_alley_shop, shop, minmay_unequal
D:2:      layout_rooms, serial_shops, shop
D:3:      layout_loops_cross
D:4:      layout_loops_ring, mainiacjoe_overflow_chevrons,
          minmay_temple_entry_trees, minmay_misc_feat_iff
D:5:      layout_loops_ring, mainiacjoe_overflow_24_doors, serial_shops,
          nicolae_stop_n_shop_1
D:6:      layout_cave_pools, minmay_stone_trees_medium,
          nicolae_shop_i_like_big_books
D:7:      layout_rooms, kennysheep_mini_moat, nicolae_ashenzari_panopticon,
          nicolae_take_the_stairs, kennysheep_generic_room_5,
          uniq_crazy_yiuf_cottage
D:8:      layout_basic, david_lair_shrubbed
D:9:      layout_loops_corners, lemuel_crystal_altar, enter_bailey_2
D:10:     layout_loops_ring, lemuel_crystal_altar, david_orc_2
D:11:     layout_loops_ring, nemelex_xobeh_ov_fountains_minmay
D:12:     layout_long_grid, gammafunk_ghost_stat_death
D:13:     layout_rooms, zin_scriptorium
D:14:     layout_irregular_city, david_vaults_2, nicolae_eternal_life,
          nicolae_vehumet_altar_sigil
D:15:     hangedman_depths_entry_try_elsewhere_first, layout_basic,
          minmay_misc_feat_alley, bh_walls_and_bars
Temple:   eino_temple_scatter_basement
Lair:1:   layout_cave_pods, serial_rivers, chequers_serial_rivers_marsh,
          chequers_serial_rivers_marsh, chequers_serial_rivers_large_b,
          chequers_serial_rivers_room_b, chequers_serial_rivers_small_3,
          chequers_serial_rivers_small_b, uniq_erica, uniq_gastronok
Lair:2:   layout_long_grid, beast_lair_carwin_3, grunt_megastairs_4,
          lemuel_fruit_fields
Lair:3:   layout_loops_ring, nicolae_swamp_entry_splash_gauntlet,
          minmay_snake_entry_guardpost_small, uniq_fannar
Lair:4:   layout_cellular_growth, nicolae_slime_entry_slimehenge,
          gammafunk_ghost_ooze, ice2_lemuel, infiniplex_staircase_pool,
          uniq_josephine
Lair:5:   gammafunk_lair_ancient_temple, layout_layer_cave,
          gammafunk_ghost_wrathful_warriors, grunt_megastairs_5, uniq_urug
Orc:1:    layout_diamond_mine, uniq_jorgrun
Orc:2:    grunt_orc_tribal_feast, layout_diamond_mine

Skill      XL: |  1  2  3  4  5  6  7  8  9 10 11 12 13 14 15 |
---------------+----------------------------------------------+-----
Dodging        | 2 3 4 5 6 7 8 9 10 11 | 11.4
Fighting       | 1 2 3 4 6 9 11 12 13 14 | 14.7
Spellcasting   | 3 4 5 7 9 10 11 12 13 | 13.3
Summonings     | 4 5 6 9 11 12 13 14 | 14.8
Hexes          | 1 2 3 |  3.0
Ice Magic      | 1 3 |  3.0
Air Magic      | 1 3 |  3.0
Maces & Flails | 1 4 6 7 9 10 | 10.4
Stealth        | |  1.6

Action                     |  1- 3 |  4- 6 |  7- 9 | 10-12 | 13-15 | 16-18 || total
---------------------------+-------+-------+-------+-------+-------+-------++-------
  Melee: Unarmed           |    32 |       |       |     1 |       |       ||    33
         Whip              |   130 |    34 |       |       |       |       ||   164
         Punch             |     2 |       |       |       |       |       ||     2
         Flail             |       |   129 |    80 |       |       |       ||   209
         Dire flail        |       |       |    63 |   271 |   489 |       ||   823
         Mace              |       |       |       |       |     7 |       ||     7
         Giant spiked club |       |       |       |       |   141 |    27 ||   168
   Cast: Summon Small Mamm |    10 |       |     4 |     1 |       |       ||    15
         Call Imp          |     5 |     2 |     9 |       |     4 |       ||    20
         Call Canine Famil |       |    19 |    58 |    59 |    90 |       ||   226
         Summon Guardian G |       |       |    11 |    18 |    61 |       ||    90
         Summon Ice Beast  |       |       |     3 |    37 |    83 |       ||   123
         Summon Lightning  |       |       |     1 |     8 |    15 |       ||    24
         Monstrous Menager |       |       |       |       |    77 |     6 ||    83
         Summon Cactus Gia |       |       |       |       |    21 |       ||    21
         Summon Mana Viper |       |       |       |       |     1 |       ||     1
         Summon Hydra      |       |       |       |       |       |     5 ||     5
  Evoke: Wand              |       |       |       |     5 |     3 |       ||     8
         Phantom mirror    |       |       |       |       |     1 |       ||     1
    Use: Scroll            |       |     1 |       |     2 |    30 |     2 ||    35
         Potion            |       |       |     3 |     3 |     2 |       ||     8
   Stab: Sleeping          |     3 |     1 |       |       |     1 |       ||     5
         Distracted        |       |     1 |     3 |     3 |     6 |     1 ||    14
 Armour: Robe              |    50 |    49 |    36 |   115 |   219 |    13 ||   482
  Dodge: Dodged            |    87 |   118 |   103 |   248 |   446 |    36 ||  1038
